AoeStats
← J.Bad

Arena

506467273Analyzed
4v4 RM · 17d ago on Sep 13, 2026· 52m 47s· 8 players
Game mode
Random Map
Map size
Large (8 player)
Population
200
Speed
Normal
Resources
Standard
Victory
Conquest
Starting age
Dark Age
Ending age
Imperial Age
RankedLock teamsTeams togetherTeam positionsShared explorationLock speedFull tech treeHidden civsTurbo modeCheats
Victory
Defeat
🇩🇪 Franks · Germany
1307
+13
🇩🇪 Britons · Germany
1240
+16
🇬🇧 Bulgarians · United Kingdom
1229
+16
🇩🇪 Turks · Germany
1187
+18
🇨🇱 Vietnamese · Chile
1367
-20
1303
-19
🇨🇱 Japanese · Chile
1299
-18
🇨🇱 Franks · Chile
972
-6
Nashura
7:11 Loom
13:14 Feudal Age
16:51 Castle Age
14:56 Double-Bit Axe
14:52 Horse Collar
18:40 Wheelbarrow
18:18 Bow Saw
18:14 Heavy Plow
23:41 Gold Mining
24:08 Hand Cart
27:44 Padded Archer Armor
30:17 Imperial Age
30:14 Leather Archer Armor
29:59 Treadmill Crane
34:31 Ring Archer Armor
35:51 Caravan
36:15 Bombard Tower
37:06 Two-Man Saw
36:16 Fletching
46:41 Ballistics
Arvindir
10:56 Feudal Age
15:26 Castle Age
13:37 Double-Bit Axe
14:45 Horse Collar
19:11 Wheelbarrow
19:31 Bow Saw
19:50 Heavy Plow
20:45 Stone Mining
22:02 Fletching
23:26 Bodkin Arrow
24:25 Hand Cart
24:45 Gold Mining
25:19 Padded Archer Armor
26:54 Leather Archer Armor
27:07 Ballistics
31:47 Imperial Age
30:26 Yeomen
30:33 Elite Skirmisher
32:29 Gold Shaft Mining
33:42 Conscription
34:00 Elite Longbowman
36:09 Chemistry
35:10 Bracer
35:41 Ring Archer Armor
52:00 Caravan
TCBTheLegend
5:15 Loom
11:24 Feudal Age
16:10 Castle Age
14:31 Double-Bit Axe
20:19 Bow Saw
21:36 Wheelbarrow
25:15 Scale Barding Armor
25:21 Forging
26:34 Chain Barding Armor
26:49 Iron Casting
27:27 Husbandry
28:15 Town Watch
29:04 Hand Cart
33:11 Imperial Age
31:02 Town Patrol
33:16 Cavalier
34:40 Plate Barding Armor
35:05 Blast Furnace
35:17 Paladin
43:50 Coinage
43:36 Gold Mining
43:59 Fletching
44:35 Ballistics
47:05 Bodkin Arrow
King Hansonite III
11:40 Feudal Age
15:55 Castle Age
13:46 Double-Bit Axe
14:26 Horse Collar
14:34 Loom
15:22 Fletching
17:39 Bodkin Arrow
23:50 Stone Mining
26:34 Bow Saw
30:36 Heavy Plow
31:13 Ballistics
31:12 Masonry
33:25 Wheelbarrow
33:01 Elite Skirmisher
35:35 Stirrups
36:41 Gold Mining
37:04 Forging
39:44 Scale Barding Armor
40:32 Bloodlines
41:02 Hand Cart
41:28 Heavy Plow
44:21 Chain Barding Armor
46:35 Imperial Age
45:58 Husbandry
46:44 Cavalier
48:21 Iron Casting
49:14 Plate Barding Armor
50:46 Blast Furnace
52:28 Light Cavalry
ELDIAULO1312
5:07 Loom
10:58 Feudal Age
15:24 Castle Age
14:18 Double-Bit Axe
17:39 Loom
19:17 Fletching
21:04 Bodkin Arrow
25:11 Bow Saw
31:10 Imperial Age
32:16 Bracer
33:22 Chemistry
32:45 Bracer
33:31 Horse Collar
34:31 Ballistics
34:32 Town Watch
37:10 Padded Archer Armor
38:35 Leather Archer Armor
38:49 Heavy Plow
39:26 Wheelbarrow
40:54 Ring Archer Armor
40:04 Elite Skirmisher
40:48 Scale Mail Armor
41:05 Elite Fire Lancer
41:11 Imperial Skirmisher
45:44 Chain Mail Armor
48:12 Plate Mail Armor
J.Bad
12:41 Feudal Age
17:45 Castle Age
20:27 Gold Mining
20:30 Stone Mining
21:07 Scale Barding Armor
26:51 Husbandry
27:37 Gold Shaft Mining
27:52 Wheelbarrow
29:36 Double-Bit Axe
31:08 Hand Cart
40:32 Imperial Age
38:50 Chain Barding Armor
38:31 Scale Mail Armor
38:44 Forging
38:44 Town Watch
42:12 Cavalier
47:07 Bow Saw
48:42 Plate Barding Armor
48:10 Scale Mail Armor
48:21 Forging
50:53 Chain Mail Armor
twitch.tv/merusaking <4bis>
0:35 Loom
10:19 Feudal Age
14:07 Castle Age
12:44 Double-Bit Axe
22:31 Fletching
23:25 Wheelbarrow
23:34 Horse Collar
24:08 Bow Saw
24:47 Gold Mining
25:08 Forging
24:53 Bodkin Arrow
25:26 Padded Archer Armor
26:25 Hand Cart
26:58 Heavy Plow
28:55 Stone Mining
31:52 Imperial Age
29:09 Town Watch
29:51 Leather Archer Armor
28:59 Crossbowman
30:23 Town Patrol
31:41 Forging
31:32 Scale Mail Armor
32:01 Ballistics
32:09 Arbalester
32:51 Bracer
33:53 Chemistry
32:59 Thumb Ring
33:30 Conscription
34:04 Ring Archer Armor
34:11 Capped Ram
35:04 Siege Ram
35:54 Elite Skirmisher
40:23 Squires
39:52 Pikeman
40:38 Halberdier
42:17 Chain Mail Armor
42:41 Iron Casting
44:27 Plate Mail Armor
44:23 Imperial Skirmisher
CRATTZEN!
10:24 Feudal Age
14:56 Castle Age
14:45 Double-Bit Axe
14:49 Horse Collar
22:46 Bow Saw
22:45 Heavy Plow
22:44 Loom
23:56 Wheelbarrow
24:23 Scale Mail Armor
25:13 Squires
24:59 Gambesons
25:00 Arson
25:48 Forging
25:34 Gold Mining
26:45 Hand Cart
26:57 Chain Mail Armor
27:38 Stone Mining
28:24 Gold Shaft Mining
27:48 Town Watch
29:14 Iron Casting
32:24 Imperial Age
30:15 Man-at-Arms
31:16 Long Swordsman
31:51 Fletching
33:40 Plate Mail Armor
32:44 Elite Samurai
34:00 Conscription
33:21 Capped Ram
36:46 Blast Furnace
37:34 Two-Handed Swordsman
38:47 Bodkin Arrow
39:36 Kataparuto
40:31 Chemistry
39:45 Champion
40:49 Pikeman
41:07 Onager
42:01 Bracer
42:40 Elite Skirmisher
43:26 Thumb Ring
43:44 Imperial Skirmisher
44:32 Scale Barding Armor
44:27 Padded Archer Armor
45:32 Two-Man Saw
45:50 Ballistics
45:21 Halberdier
47:09 Murder Holes
46:56 Treadmill Crane
49:04 Leather Archer Armor
Connection lost

Rejoining the realm…

Still unreachable

The connection could not be restored.

Session expired

The server has moved on; the page needs a fresh start.